 Dungeon Crawl Stone Soup version 0.29-a0-284-gf9362112df (webtiles) character file.

Game seed: 15359208444818074058

96 rabbitsville the Grave Robber (level 4, 0/33 HPs)
             Began as a Ghoul Necromancer on Mar 23, 2022.
             Killed from afar by an orc wizard (9 damage)
             ... with a puff of flame
             ... on level 3 of the Dungeon.
             The game lasted 00:12:36 (4193 turns).

rabbitsville the Grave Robber (Ghoul Necromancer)   Turns: 4193, Time: 00:12:37

Health: 0/33       AC:  2    Str: 11    XL:     4   Next: 67%
Magic:  1/7        EV: 12    Int: 12    God:
Gold:   97         SH:  0    Dex:  9    Spells: 7/8 levels left

rFire   . . .      SeeInvis .   n - +0 trident
rCold   + . .      Faith    .   (no shield)
rNeg    + + +      Spirit   .   a - +0 robe
rPois   ∞          Reflect  .   (no helmet)
rElec   .          Harm     .   (no cloak)
rCorr   .          Rampage  .   (no gloves)
Will    .....                   (no boots)
Stlth   ++........              (no amulet)
HPRegen 0.00/turn               (no ring)
MPRegen 0.10/turn               (no ring)

@: inhibited regen
A: claws 1, cold resistance 1, negative energy resistance 3, inhibited
regeneration, torment resistance 2
a: no special abilities


You were on level 3 of the Dungeon.
You visited 1 branch of the dungeon, and saw 3 of its levels.

You collected 97 gold pieces.

Inventory:

Hand Weapons
 n - a +0 trident (weapon)
Armour
 a - a +0 robe (worn)
Scrolls
 e - 2 scrolls of identify {unknown}
 f - 4 scrolls of teleportation {unknown}
 g - a scroll of noise {unknown}
 h - a scroll of summoning {unknown}
 j - a scroll of amnesia {unknown}
 l - a scroll of vulnerability {unknown}
 m - a scroll of fear {unknown}
Potions
 b - a potion of magic
 d - 3 potions of heal wounds {unknown}
 i - 2 potions of curing {unknown}
 k - a potion of haste {unknown}


   Skills:
 - Level 1.7 Dodging
 - Level 2.1 Stealth
 + Level 2.6 Spellcasting
 * Level 5.3 Necromancy


You had 7 spell levels left.
You knew the following spells:

 Your Spells              Type           Power      Damage    Failure   Level
a - Pain                  Necr           56%        1d6       2%          1

Your spell library contained the following spells:

 Spells                   Type           Power      Damage    Failure   Level
 Animate Skeleton         Necr           28%        N/A       2%          1
 Vampiric Draining        Necr           14%        2d7       9%          3
 Freeze                   Ice            4%         1d3       26%         1
 Magic Dart               Conj           4%         1d3       26%         1
 Animate Dead             Necr           7%         N/A       28%         4
 Call Imp                 Summ           1%         N/A       36%         2
 Confusing Touch          Hex            1%         N/A       61%         3
 Frozen Ramparts          Ice            2%         1d2       61%         3
 Mephitic Cloud           Conj/Pois/Air  1%         N/A       61%         3
 Tukima's Dance           Hex            1%         N/A       61%         3
 Agony                    Necr           14%        N/A       61%         5
 Passage of Golubria      Tloc           1%         N/A       95%         4
 Summon Ice Beast         Ice/Summ       1%         N/A       95%         4
 Yara's Violent Unravell  Hex/Tmut       0%         3d3       100%        5
 Enfeeble                 Hex            0%         N/A       100%        7
 Beastly Appendage        Tmut           Unusable   N/A       N/A         1
 Wereblood                Tmut           Unusable   N/A       N/A         2
 Spider Form              Tmut/Pois      Unusable   N/A       N/A         3
 Ice Form                 Ice/Tmut       Unusable   N/A       N/A         4

Dungeon Overview and Level Annotations

Branches:
Dungeon (3/15)

Altars:

Shops:
D:2 [


Innate Abilities, Weirdness & Mutations

You thrive by killing the living.
You are immune to poison.
You have sharp fingernails.
Your flesh is cold resistant. (rC+)
You are immune to negative energy. (rN+++)
You do not regenerate when monsters are visible.
You are immune to unholy pain and torment.


Message History

Aiming: Pain (safe; 2% risk of failure)
Press: ? - help, Q - select action Shift-Dir - straight line, f/p - orc wizard
Aim: an orc wizard, wielding a +0 dagger and wearing a +0 robe (lightly wounded, chance to affect: 71%)
The orc wizard writhes in agony.
The orc wizard points at you and mumbles some strange words.
You resist with some effort.
Aiming: Pain (safe; 2% risk of failure)
Press: ? - help, Q - select action Shift-Dir - straight line, f/p - orc wizard
Aim: an orc wizard, wielding a +0 dagger and wearing a +0 robe (moderately wounded, chance to affect: 71%)
The orc wizard writhes in agony.
The orc wizard points at you and mumbles some strange words.
The puff of flame hits you.
Aiming: Pain (safe; 2% risk of failure)
Press: ? - help, Q - select action Shift-Dir - straight line, f/p - orc wizard
Aim: an orc wizard, wielding a +0 dagger and wearing a +0 robe (severely wounded, chance to affect: 71%)
The orc wizard writhes in agony.
The orc wizard gestures wildly while chanting.
The orc wizard flickers and vanishes!
Deactivating autopickup; reactivate with Ctrl-A.
You miss something.
You hear some strange, mumbled words.
Something tries to affect you, but you resist.
You closely miss something. Something hits you but does no damage.
Something hits you.
You barely miss something. Something hits you.
You miss something. Something hits you.
You closely miss something.
You hear some strange, mumbled words.
A magic dart appears from out of thin air!
The magic dart hits you! Something barely misses you.
You closely miss something.
You hear some strange, mumbled words.
A puff of flame appears from out of thin air!
The puff of flame hits you.
* * * LOW HITPOINT WARNING * * *
An orc comes into view. It is wielding a +2 whip of pain.
You hear some strange, mumbled words.
A puff of flame appears from out of thin air!
The puff of flame hits you!
You die...

?. #. #. ...... #. .....
#######.### .... ..........#
o.. #######.# #.#..# ).
#.......#### #.#.# #.
#..@....... #.#.###
######.###{.......#.###.#.##.
#.................#..........
#.##.#o##......)#####..#.###.
#. #.........#......# ## ..
#)........#.###### .#.
#.#######...# #.#. #.# ##.##
.........# #.#


You could see an orc.

Vanquished Creatures
  2 adders (D:2)
  4 worms (D:2)
  A dart slug (D:1)
  An orc (D:3)
  6 endoplasms
  6 giant cockroaches
  4 goblins
  7 hobgoblins
  7 jackals (D:1)
  4 kobolds
  2 quokkas (D:2)
  7 ball pythons
  A bat (D:1)
  A frilled lizard (D:3)
  3 rats
56 creatures vanquished.

Notes
Turn   | Place    | Note
-------+----------+-------------------------------------------
     0 | D:1      | rabbitsville the Ghoul Necromancer began the quest for the
                  | Orb.
     0 | D:1      | Reached XP level 1. HP: 14/14 MP: 2/2
   704 | D:1      | Reached XP level 2. HP: 18/20 MP: 0/4
  1134 | D:1      | Reached XP level 3. HP: 16/26 MP: 1/5
  2598 | D:2      | Reached skill level 5 in Necromancy
  2831 | D:2      | Found Ciedghah's Armour Shop.
  2943 | D:2      | Reached XP level 4. HP: 21/33 MP: 0/6
  3075 | D:2      | Found a faded altar of an unknown god.
  3082 | D:2      | Got Plato's Papyrus of Ice
  4193 | D:3      | Killed from afar by an orc wizard

Illustrated notes

Levels and vault maps discovered:
D:1:      wander_arrival_peaceful_grave, layout_basic
D:2:      layout_basic, shapermc_ecumenical_altar_rom_forum, serial_shops, shop,
          lemuel_another_geyser
D:3:      layout_loops_cross

Skill      XL: |  1  2  3 |
---------------+----------+-----
Spellcasting   | 2 |  2.6
Necromancy     | 5 |  5.3
Dodging        | |  1.7
Stealth        | |  2.1

Action                   |  1- 3 |  4- 6 || total
-------------------------+-------+-------++-------
Melee: Unarmed           |    13 |       ||    13
       Short sword       |    73 |    12 ||    85
       Punch             |     2 |       ||     2
       Trident           |       |     6 ||     6
 Cast: Pain              |    76 |    47 ||   123
 Stab: Sleeping          |     1 |       ||     1
Armor: Robe              |     5 |     3 ||     8
Dodge: Dodged            |    59 |    12 ||    71

Table legend: (Time is in decaauts)
 A = Elapsed time spent in this place.
 B = Non-inter-level travel time spent in this place.
 C = Inter-level travel time spent in this place.
 D = Time resting spent in this place.
 E = Time spent auto-exploring this place.
 F = Levels seen in this place.
 G = Mean time per level.
                   A        B        C        D        E       F      G
               +--------+--------+--------+--------+--------+-----+--------+
         Total |   4206 |   4170 |     36 |   1679 |   1489 |   3 | 1402.0 |
       Dungeon |   4206 |   4170 |     36 |   1679 |   1489 |   3 | 1402.0 |
               +--------+--------+--------+--------+--------+-----+--------+

Top non-repeatable levels by time:
     D:1: 2125 daAuts
     D:2: 1691 daAuts
     D:3: 390 daAuts
